Cogmind - Beta 14 @@@ ROGUE MODE // 2024.09.10 @ 22:45:59 Player: THN-L0C Result: Destroyed by B-99 Colossus with Linear Accelerator Performance ------------- Evolutions (9) 4500 Regions Visited (30) 6000 Robots Destroyed (195) 975 Value Destroyed (8354) 8354 Prototype IDs (73) 1460 Alien Tech Used (2) 400 Bonus (14095) 14095 TOTAL SCORE: 35784 Bonus ------- High Alert Combat Kills 1283 Follower Combat Kills 4390 Aligned with FarCom 300 Met Data Miner 300 Met Zhirov 300 Met Warlord at Base 500 MAIN.C Attacked Warlord 500 Met Warlord at Research 2000 Hacked God Mode 5000 Friendly Fire -478 Cogmind --------- Core Integrity 0/1600 Matter 250/300 Energy 100/100 System Corruption 3% Temperature Cool (9) Movement Core (50) Location -1/Access Parts ------- > --- POWER (3) -------- (None) > --- PROPULSION (8) --- (None) > --- UTILITY (10) ----- (None) > --- WEAPON (4) ------- (None) > --- INVENTORY (5) ---- (None) Peak State ------------ > --- POWER ------------ Heavy Antimatter Reactor Particle Reactor Quantum Reactor > --- PROPULSION ------- Megatreads Advanced Heavy Siege Treads > --- UTILITY ---------- Experimental Power Amplifier Advanced Heat Sink Advanced Cooling System Large Storage Unit Experimental Armor Integrity Analyzer Advanced Transmission Jammer Centrium Light Armor Plating Graphene Brace Improved Force Field Long-range Tractor Beam > --- WEAPON ----------- Matter Neutralizer Matter Neutralizer Enhanced Nova Cannon Hellfire Missile Launcher > --- INVENTORY -------- Light Antimatter Reactor Vortex Chain Reactor Armored Heavy Treads Advanced Heavy Treads Advanced Target Analyzer Makeshift Cloaking Device Improved Power Shielding Transdimensional Reconstructor Vortex Cannon Improved Datajack Advanced Remote Datajack Plasma Lance [Rating: 201] Favorites ----------- Power Antimatter Reactor Engine Heavy Deuterium Engine Power Core Neutrino Core Reactor Antimatter Reactor Propulsion Enhanced Armored Medium Treads Treads Enhanced Armored Medium Treads Leg Advanced Myomer Leg Wheel Armored Huge Wheel Hover Unit Improved Airjet Utility Coolant Injector Device Coolant Injector Storage Huge Storage Unit Processor Core Analyzer Hackware Advanced Hacking Suite Protection Hardened Medium Armor Plating Weapon Heavy Gatling Laser Energy Gun Heavy Gatling Laser Energy Cannon Matter Neutralizer Ballistic Gun Gauss Rifle Ballistic Cannon Bore Cannon Launcher Missile Launcher Special Weapon Advanced Remote Datajack Slashing Weapon Katana Piercing Weapon Plasma Lance Special Melee Weapon Improved Datajack Build | -11 -10 -10 -10 -9 -8 -7 -7 -7 -7 -6 -6 -6 -6 -6 -5 -5 -5 -5 -5 -5 -5 -4 -4 -4 -4 -4 -3 -3 -2 -1 ------- Run | Yrd Mat Min Exi Min Mat Fac Low Low Zio Pro Fac Low Low Dat Pro Fac Was Fac Upp Upp War Pro Fac Upp Upp Zhi Pro Res Res Acc Slots Evolved 18 | . . . . . 4 2 . . . . 2 . . . . 2 . . . . . . 2 . . . . 2 2 2 Power 2 | . . . . . . . . . . . . . . . . 1 . . . . . . . . . . . . . 1 Propulsion 6 | . . . . . 1 . . . . . 1 . . . . . . . . . . . 2 . . . . . 2 . Utility 8 | . . . . . 2 2 . . . . 1 . . . . 1 . . . . . . . . . . . 2 . . Weapon 2 | . . . . . 1 . . . . . . . . . . . . . . . . . . . . . . . . 1 Parts Attached 342 | 8 1 . . . 40 43 3 . 9 7 7 3 11 . 14 6 18 8 4 1 26 33 17 3 4 18 6 18 13 21 Power 34 | 2 . . . . 5 2 . . 1 . . . 2 . 3 1 3 . . 1 . 4 3 . . 1 . 1 1 4 Engine 15 | 2 . . . . 4 2 . . 1 . . . 2 . 2 . . . . . . 2 . . . . . . . . Core 3 | . . . . . 1 . . . . . . . . . . 1 . . . . . . 1 . . . . . . . Reactor 16 | . . . . . . . . . . . . . . . 1 . 3 . . 1 . 2 2 . . 1 . 1 1 4 Propulsion 61 | 2 . . . . 11 5 . . . . 1 1 2 . 2 3 4 . . . 2 9 6 1 . 3 1 2 4 2 Treads 30 | 2 . . . . 6 1 . . . . . . 2 . . . 3 . . . 2 2 5 1 . . . 1 3 2 Leg 19 | . . . . . . . . . . . . . . . 2 3 1 . . . . 6 1 . . 3 1 1 1 . Wheel 6 | . . . . . . 3 . . . . 1 1 . . . . . . . . . 1 . . . . . . . . Hover 6 | . . . . . 5 1 . . . . . . . . . . . . . . . . . . . . . . . . Flight . | . . . . . . . . . . . . . . . . . . . . . . . . . . . . . . . Utility 113 | 2 1 . . . 11 12 . . 2 4 2 . 3 . 2 2 7 4 1 . 13 13 5 1 1 5 2 7 7 6 Device 58 | 1 . . . . 5 1 . . 1 3 2 . 1 . 2 2 2 1 1 . 8 10 2 1 . 2 1 5 3 4 Storage 14 | 1 1 . . . . 1 . . . . . . . . . . . 2 . . 3 1 1 . . 3 1 . . . Processor 11 | . . . . . . 3 . . . . . . 1 . . . 1 1 . . . 1 1 . . . . 1 1 1 Hackware 2 | . . . . . . 1 . . . . . . . . . . . . . . . . . . . . . 1 . . Protection 28 | . . . . . 6 6 . . 1 1 . . 1 . . . 4 . . . 2 1 1 . 1 . . . 3 1 Artifact . | . . . . . . . . . . . . . . . . . . . . . . . . . . . . . . . Weapon 134 | 2 . . . . 13 24 3 . 6 3 4 2 4 . 7 . 4 4 3 . 11 7 3 1 3 9 3 8 1 9 Energy Gun 29 | 1 . . . . 3 1 . . . . . . 1 . 1 . 3 3 3 . 7 4 . 1 . 1 . . . . Energy Cannon 25 | . . . . . . 1 . . . . . . 1 . . . 1 1 . . 2 3 2 . 2 3 1 6 . 2 Ballistic Gun 25 | 1 . . . . 7 4 2 . 3 . 2 . . . 1 . . . . . 1 . . . . 3 1 . . . Ballistic Cannon 19 | . . . . . 2 11 . . . 1 1 . 2 . 1 . . . . . . . . . . . . 1 . . Launcher 7 | . . . . . 1 . . . . 1 . 1 . . . . . . . . 1 . . . 1 . . 1 . 1 Special Weapon 11 | . . . . . . . . . 2 . . 1 . . 3 . . . . . . . . . . 1 1 . . 3 Impact Weapon . | . . . . . . . . . . . . . . . . . . . . . . . . . . . . . . . Slashing Weapon 12 | . . . . . . 7 1 . 1 1 1 . . . 1 . . . . . . . . . . . . . . . Piercing Weapon 4 | . . . . . . . . . . . . . . . . . . . . . . . 1 . . 1 . . . 2 Special Melee Weapon 2 | . . . . . . . . . . . . . . . . . . . . . . . . . . . . . 1 1 Unidentified Prototypes 29 | . . . . . 2 4 . . 2 . . . . . 2 . . 1 . . 4 . 4 . . 4 . 4 1 1 Corrupted Parts 2 | . . . . . . . . . . . . . . . . 1 . . . . . . . . . . . . 1 . System Corruption 2 | . . . . . . . . . . . . . . . . 1 . . . . . . . . . . . . 1 . Parts Lost 86 | . . . . . 2 3 . . . 2 1 6 5 . 12 5 2 . . . . 21 1 1 1 . . . 1 23 Power 14 | . . . . . 1 . . . . . . . 1 . 2 2 . . . . . 4 . . . . . . . 4 Propulsion 16 | . . . . . . . . . . . . 1 2 . 2 1 2 . . . . 4 . . . . . . . 4 Utility 30 | . . . . . . 2 . . . 1 1 2 1 . 3 1 . . . . . 8 1 1 . . . . 1 8 Weapon 26 | . . . . . 1 1 . . . 1 . 3 1 . 5 1 . . . . . 5 . . 1 . . . . 7 Highest Loss Streak 13 | . . . . . 1 2 . . . 1 1 5 2 . 9 3 2 . . . . 13 1 1 1 . . . 1 11 To Critical Strikes . | . . . . . . . . . . . . . . . . . . . . . . . . . . . . . . . Average Slot Usage (%) 81 | . 100 100 100 100 97 97 92 92 91 91 85 80 62 80 53 47 48 70 70 70 87 86 91 98 97 91 100 99 88 68 Engine 4 | . 14 14 14 14 8 7 7 7 7 7 6 6 3 6 5 . . . . . . 1 1 . . . . . . . Reactor 3 | . . . . . . . . . . . . . . . . 3 9 11 11 11 11 8 3 5 5 8 10 9 8 10 Treads 9 | . 28 28 28 28 14 . . . . . . . 2 13 4 . 9 11 11 11 11 9 13 20 21 18 11 9 10 7 Leg 2 | . . . . . . . . . . . . . . . . 12 1 . . . . 3 15 10 10 12 18 19 12 . Wheel 2 | . . . . . . 2 15 15 15 15 13 12 . . . . . . . . . 3 . . . . . . . . Hover 2 | . . . . . 10 17 . . . . . . . . . . . . . . . . . . . . . . . . Device 15 | . 14 14 14 14 11 12 7 7 13 14 20 24 13 13 9 11 4 6 5 5 23 26 23 25 26 22 24 26 28 22 Storage 6 | . 14 14 14 14 9 7 7 7 7 7 6 6 6 6 6 5 . 2 5 5 7 5 5 5 5 8 9 5 4 3 Processor 8 | . . . . . . 13 15 15 15 15 13 13 19 20 15 7 . 1 . . . 3 6 5 5 5 2 4 4 4 Protection 6 | . . . . . 14 10 15 15 8 7 4 . 2 . . . 8 17 17 17 13 4 3 3 3 5 5 4 4 5 Energy Gun 5 | . 14 14 14 14 9 . . . . . . . 1 6 3 . 8 16 16 17 11 10 5 9 6 . . . . . Energy Cannon 3 | . . . . . . . . . . . . . 5 6 2 . 1 . . . 2 4 9 5 8 . 10 11 12 9 Ballistic Gun 5 | . 14 14 14 14 15 4 22 23 21 15 13 9 . . . . . . . . . . . . . . 3 . . . Ballistic Cannon 2 | . . . . . 2 11 . . . 2 2 3 4 6 2 . . . . . . . . . . . . . . . Peak Build Rating 201 | 7 8 8 14 14 48 61 55 55 60 59 69 68 58 58 64 84 118 104 105 106 114 113 127 123 122 139 141 162 185 201 Average Rating 72 | 5 7 8 10 14 35 56 54 55 58 57 67 63 45 58 40 57 97 99 102 105 108 101 114 121 120 122 139 157 176 177 On Entrance 73 | . 7 8 8 14 14 48 54 55 55 57 57 68 43 58 58 57 40 101 100 105 106 112 81 118 119 121 139 141 160 174 Naked Turns 35 | . . . . . . . . . . . . . . . . . 3 . . . . . . . . . . . . 32 Heaviest Build 166 | 15 50 50 50 50 78 121 112 112 116 117 119 113 115 110 112 166 137 132 132 124 120 120 90 78 77 141 88 99 105 147 Greatest Support 680 | 40 40 40 40 40 62 40 40 40 40 40 56 56 48 48 56 83 140 140 140 140 140 140 120 135 135 135 120 120 680 680 Greatest Overweight (x) 38 | 3 1 1 1 1 4 4 2 2 2 2 2 3 38 2 32 5 26 . . . 1 3 1 1 . 1 . . . 1 Average Overweight (x) 1 | . . 1 1 1 1 2 2 2 2 2 1 1 14 2 8 1 . . . . . . . . . . . . . . Largest Inventory Capacity 25 | 8 20 20 20 20 20 25 25 25 25 25 25 25 25 25 25 25 25 15 15 15 15 15 15 15 15 25 15 15 15 15 Average Capacity 19 | 7 14 20 20 20 20 20 25 25 25 25 25 25 25 25 25 25 6 7 15 15 15 15 15 15 15 18 15 15 15 14 Most Carried 25 | 3 9 8 16 18 20 23 25 25 25 25 25 25 24 24 25 18 20 6 15 15 15 15 15 15 15 24 15 15 15 15 Average Carried 17 | 1 7 8 11 16 19 20 24 25 24 24 24 24 21 24 21 17 5 5 12 15 14 13 14 14 14 16 14 14 14 11 Final Capacity 25 | 8 20 20 20 20 20 25 25 25 25 25 25 25 25 25 25 25 5 15 15 15 15 15 15 15 15 15 15 15 15 5 Final Carried 25 | 3 8 8 16 18 20 23 25 25 25 25 25 23 24 24 18 18 5 6 15 15 15 13 15 15 14 15 15 15 13 . Class Distribution -------------------- 34% | Mutant 18% | Scavenger-Tank 18% | Gunner 7% | Tank 5% | Scavenger-Gunner 5% | Derelict-Gunner 3% | Scavenger-Mutant 3% | Scavenger-Skirmisher Dominant Class ---------------- Mutant | -10/Materials Mutant | -10/Mines Mutant | -10/Exiles Mutant | -9/Mines Tank | -8/Materials Mutant | -7/Factory Gunner | -7/Lower Caves Gunner | -7/Lower Caves Gunner | -7/Zion Gunner | -6/Proximity Caves Gunner | -6/Factory Gunner | -6/Lower Caves Mutant | -6/Lower Caves Scavenger-Gunner | -6/Data Miner Mutant | -5/Proximity Caves Scavenger-Mutant | -5/Factory Scavenger-Mutant | -5/Waste Scavenger-Tank | -5/Factory Scavenger-Tank | -5/Upper Caves Scavenger-Tank | -5/Upper Caves Scavenger-Tank | -5/Warlord Scavenger-Tank | -4/Proximity Caves Tank | -4/Factory Gunner | -4/Upper Caves Gunner | -4/Upper Caves Derelict-Mutant | -4/Zhirov Derelict-Gunner | -3/Proximity Caves Derelict-Gunner | -3/Research Derelict-Gunner | -2/Research Scavenger-Tank | -1/Access Resources | -11 -10 -10 -10 -9 -8 -7 -7 -7 -7 -6 -6 -6 -6 -6 -5 -5 -5 -5 -5 -5 -5 -4 -4 -4 -4 -4 -3 -3 -2 -1 ----------- Run | Yrd Mat Min Exi Min Mat Fac Low Low Zio Pro Fac Low Low Dat Pro Fac Was Fac Upp Upp War Pro Fac Upp Upp Zhi Pro Res Res Acc Matter Collected 7276 | 291 153 33 206 . 1038 1080 137 183 97 238 71 141 507 . 371 30 234 68 42 18 260 415 145 61 111 100 227 . 295 724 Remotely 664 | . . . . . . . . . . . . . . . . . . . . . . . . 61 111 . . . . 492 Salvage Created 7629 | 161 248 33 . . 1375 862 88 229 . 238 71 58 258 . 640 . . . 42 . . 968 233 279 89 244 122 . 87 1304 Parts 338 | 15 16 5 . . 71 75 4 7 . 13 6 3 17 . 13 . . . 1 . . 16 10 6 . 6 5 . 5 44 Haulers Intercepted 1 | . . . . . 1 . . . . . . . . . . . . . . . . . . . . . . . . . Recyclers Shooed 5 | 1 2 . . . 2 . . . . . . . . . . . . . . . . . . . . . . . . . Parts Field Recycled . | . . . . . . . . . . . . . . . . . . . . . . . . . . . . . . . Retrieved Matter . | . . . . . . . . . . . . . . . . . . . . . . . . . . . . . . . Parts Self-Destructed 103 | . . . . . . . 1 9 . 13 . 5 17 . 12 . . . 11 8 . 15 . 6 . 2 4 . . . Prevented 3 | . . . . . . . . 2 . . . . . . . . . . . . . . . . . . 1 . . . Kills | -11 -10 -10 -10 -9 -8 -7 -7 -7 -7 -6 -6 -6 -6 -6 -5 -5 -5 -5 -5 -5 -5 -4 -4 -4 -4 -4 -3 -3 -2 -1 ------- Run | Yrd Mat Min Exi Min Mat Fac Low Low Zio Pro Fac Low Low Dat Pro Fac Was Fac Upp Upp War Pro Fac Upp Upp Zhi Pro Res Res Acc Combat Hostiles Destroyed 148 | . 3 2 . . 28 17 2 4 . 6 1 6 7 . 12 . . . 1 . . 16 4 5 4 . 4 . 1 25 Melee 5 | . . . . . . 5 . . . . . . . . . . . . . . . . . . . . . . . . Guns 60 | . 3 2 . . 22 6 2 4 . 6 . . . . 1 . . . 1 . . 9 . 2 . . 2 . . . Cannons 41 | . . . . . 1 6 . . . . 1 . 7 . 4 . . . . . . 6 4 2 . . 2 . 1 7 AOE 36 | . . . . . 5 . . . . . . 6 . . 5 . . . . . . . . . 4 . . . . 16 Classes Destroyed 20 | 2 3 1 . . 4 2 1 1 . . . . . . . . . . . . . 3 . . . . 1 . 1 1 Worker 11 | . . . . . . 4 . . . . . . . . . . . . . . . . . . . . . . . 7 Builder 9 | . . . . . 2 3 . . . . . . . . . . . . . . . . . . . . . . . 4 Tunneler 5 | 4 . . . . . 1 . . . . . . . . . . . . . . . . . . . . . . . . Hauler 1 | . . . . . 1 . . . . . . . . . . . . . . . . . . . . . . . . . Recycler 8 | 1 1 . . . 2 2 . . . . . . . . . . . . . . . . . . . . . . . 2 Minesweeper 1 | . . . . . . . . . . . . . . . . . . . . . . 1 . . . . . . . . Mechanic 2 | . . . . . . . . . . . . . . . . . . . . . . . . . . . . . . 2 Operator 2 | . 1 . . . . . . . . . . . . . . . . . . . . . . . . . . . 1 . Drone 2 | . . . . . . . . . . . . . . . . . . . . . . . . . . . 2 . . . Watcher 7 | . 2 . . . 1 2 . . . . . . . . . . . . . . . . . . . . . . . 2 Swarmer 38 | . . 2 . . 6 9 . 2 . 4 . 4 3 . . . . . . . . 2 . . . . . . . 6 Grunt 58 | . 3 . . . 15 4 . . . 1 . 2 . . 11 . . . 1 . . 7 1 3 4 . . . . 6 Brawler 5 | . . . . . 1 . . . . . . . . . 1 . . . . . . . . . . . . . . 3 Duelist 4 | . . . . . . . . . . . . . . . . . . . . . . 4 . . . . . . . . Sentry 12 | . . . . . 6 . . 1 . 1 1 . . . . . . . . . . 1 1 1 . . . . . . Hunter 12 | . . . . . . . 1 . . . . . 3 . . . . . . . . 1 . . . . . . . 7 Programmer 15 | . . . . . . 4 1 1 . . . . 1 . . . . . . . . . 2 1 . . 2 . . 3 Behemoth 1 | . . . . . . . . . . . . . . . . . . . . . . 1 . . . . . . . . Enhanced Grunt 1 | . . . . . . . . . . . . . . . 1 . . . . . . . . . . . . . . . Striker 1 | . . . . . . . . . . . . . . . . . . . . . . . . . . . . . 1 . Samaritan 1 | . . . . . . . . 1 . . . . . . . . . . . . . . . . . . . . . . Best Kill Streak 12 | 3 2 2 . . 10 7 1 3 . 3 1 4 3 . 7 . . . 1 . . 10 2 2 4 . 2 . 1 12 Combat Bots Only 10 | . 2 2 . . 8 4 1 3 . 3 1 4 3 . 7 . . . 1 . . 10 2 2 4 . 2 . 1 8 Max Kills in Single Turn 4 | 1 1 1 . . 4 2 1 1 . 1 1 3 1 . 2 . . . 1 . . 1 1 1 2 . 1 . 1 3 Gunslinging 1 | . . . . . 1 1 . . . . . . . . . . . . . . . . . . . . . . . . Exploded 3 | . . . . . 2 . . . . . . 3 . . 2 . . . . . . . . . 2 . . . . 3 Melee 1 | . . . . . . 1 . . . . . . . . . . . . . . . . . . . . . . . . Uniques/NPCs Destroyed 1 | . . . . . . . . . . . . . . . . . . . . . . . . . . . . . 1 . Warlord (-2/Research) Combat | -11 -10 -10 -10 -9 -8 -7 -7 -7 -7 -6 -6 -6 -6 -6 -5 -5 -5 -5 -5 -5 -5 -4 -4 -4 -4 -4 -3 -3 -2 -1 -------- Run | Yrd Mat Min Exi Min Mat Fac Low Low Zio Pro Fac Low Low Dat Pro Fac Was Fac Upp Upp War Pro Fac Upp Upp Zhi Pro Res Res Acc Hostile Shots Fired 1751 | . 13 5 . . 132 98 16 20 . 71 39 74 71 . 103 110 3 12 9 2 . 263 14 23 15 . 11 . 54 593 Missed 514 | . 2 1 . . 39 17 4 9 . 27 16 26 21 . 30 34 . 3 . 1 . 55 8 9 5 . 2 . 12 193 Damage Taken 23989 | . 141 30 . . 1320 1205 155 168 . 502 158 991 841 . 1453 1386 224 209 163 16 . 4535 149 299 204 . 212 . 758 8870 Core 3769 | . . 16 . . 115 89 . 60 . 35 6 255 66 . 383 407 45 . . . . 526 . 45 . . . . 164 1557 Absorbed by Shields 1256 | . . . . . . . . . . . . . . . . . . . . . . 240 53 . . . . . . 963 Reduced by Siege Mode 409 | . . . . . . . . . . . . . . . . . . . . . . 366 . . . . . . . 43 Redirected to Shielding 412 | . . . . . . 39 4 4 . 28 . . . . . . . 1 11 . . 134 48 61 . . . . 41 41 Ignored by Resistances 272 | . . . . . . . . . . . . . . . . 191 . 19 . . . 62 . . . . . . . . Regen/Repaired (Parts) 448 | . . . . . 162 63 . . 31 . . . . . . . . . . . 43 49 . . . . . 100 . . Core Remaining (%) 71 | 100 . . . 93 79 . . . . 73 . . . . 16 . . . . . . 2 . . . . 96 100 88 . Volleys Fired 417 | 7 21 2 . . 71 37 9 13 . 11 6 10 21 . 32 . . 7 4 1 . 62 8 13 4 . 10 1 12 55 Largest 4 | 2 2 2 . . 3 3 3 3 . 3 3 1 2 . 3 . . 1 1 1 . 3 3 3 1 . 3 2 3 4 Hottest 390 | 70 70 70 . . 143 185 84 84 . 84 113 36 137 . 183 . . 120 100 100 . 305 295 265 52 . 245 210 330 390 Shots Fired 966 | 14 41 4 . . 201 85 27 39 . 30 12 10 38 . 74 . . 7 4 1 . 112 20 40 5 . 30 2 30 140 Gun 539 | 14 41 4 . . 182 29 27 39 . 30 6 . . . 39 . . . 4 1 . 80 6 26 1 . 10 . . . Cannon 379 | . . . . . 15 56 . . . . 6 . 38 . 28 . . 7 . . . 32 14 14 . . 20 2 30 117 Launcher 35 | . . . . . 4 . . . . . . 7 . . . . . . . . . . . . 4 . . . . 20 Special 13 | . . . . . . . . . . . . 3 . . 7 . . . . . . . . . . . . . . 3 Kinetic 392 | 7 21 2 . . 129 83 27 39 . 30 12 . 17 . 15 . . . . . . . . . . . 10 . . . Thermal 496 | 7 20 2 . . 68 2 . . . . . . 21 . 52 . . 7 4 1 . 83 20 40 1 . 20 2 30 116 Explosive 45 | . . . . . 4 . . . . . . 10 . . 7 . . . . . . . . . 4 . . . . 20 Electromagnetic . | . . . . . . . . . . . . . . . . . . . . . . . . . . . . . . . Entropic 30 | . . . . . . . . . . . . . . . . . . . . . . 29 . . . . . . . 1 Robot Hit Streak 25 | 7 11 2 . . 13 4 6 5 . 5 3 1 5 . 9 . . . 4 3 . 25 5 9 . . 3 3 7 17 Robot Miss Streak 14 | 1 7 . . . 14 5 2 3 . 3 1 2 2 . 4 . . 3 5 1 . 3 2 3 4 . 6 1 2 6 Penetration Max 1 | . . . . . . 1 . 1 . . . . . . . . . . . . . . . . . . . . . . Secondary Targets 6 | . . . . . 3 1 . . . . . . . . . . . . . . . 2 . . . . . . . . Max Gunslinging Chain 1 | . . . . . 1 1 . . . . . . . . . . . . . . . 1 . . . . . . . . Shots Hit Robots 582 | 11 26 2 . . 111 43 19 23 . 16 4 2 18 . 42 3 . . 3 1 . 96 13 27 . 7 14 1 17 83 Core Hits 379 | 6 13 2 . . 65 30 5 8 . 9 2 19 8 . 26 . . . 2 1 . 67 10 15 10 2 4 . 3 72 Critical Kills 11 | . . . . . 2 2 . . . 2 . . 3 . . . . . . . . . . . . . . . . 2 Critical Parts Destroyed 7 | . . . . . 2 . . . . 1 . . 4 . . . . . . . . . . . . . . . . . Critical Strikes 34 | 1 . . . . 5 2 . . . 3 . 1 7 . 6 . . . . . . 4 . 1 . . . . . 4 Burn 7 | 1 . . . . 1 . . . . . . . . . 4 . . . . . . . . 1 . . . . . . Meltdown 2 | . . . . . . . . . . . . . . . . . . . . . . . . . . . . . . 2 Destroy 16 | . . . . . 4 2 . . . 3 . . 7 . . . . . . . . . . . . . . . . . Blast 1 | . . . . . . . . . . . . . . . 1 . . . . . . . . . . . . . . . Sever 2 | . . . . . . . . . . . . 1 . . 1 . . . . . . . . . . . . . . . Impale 2 | . . . . . . . . . . . . . . . . . . . . . . . . . . . . . . 2 Sunder 4 | . . . . . . . . . . . . . . . . . . . . . . 4 . . . . . . . . Melee Attacks 76 | . . . . . . 54 1 . . 1 3 . . . 1 3 . . . . . . . . . 7 . . 1 5 Impact . | . . . . . . . . . . . . . . . . . . . . . . . . . . . . . . . Slashing 63 | . . . . . . 54 1 . . 1 3 . . . 1 3 . . . . . . . . . . . . . . Piercing 12 | . . . . . . . . . . . . . . . . . . . . . . . . . . 7 . . . 5 Sneak Attacks 11 | . . . . . . 8 . . . . . . . . 1 1 . . . . . . . . . . . . 1 . Combat Hostiles . | . . . . . . . . . . . . . . . . . . . . . . . . . . . . . . . Follow-up Attacks . | . . . . . . . . . . . . . . . . . . . . . . . . . . . . . . . Damage Inflicted 27435 | 151 321 25 . . 2476 1442 353 541 . 308 89 1107 401 . 2217 180 . 57 75 32 . 4296 470 869 1125 602 686 61 698 8853 Guns 7897 | 151 321 25 . . 1684 301 353 541 . 308 64 . . . 409 . . . 75 32 . 2761 178 574 . . 120 . . . Cannons 7759 | . . . . . 148 480 . . . . 25 . 401 . 399 . . 41 . . . 1535 292 295 . . 566 49 698 2830 Explosions 9852 | . . . . . 619 . . . . . . 1062 . . 1121 . . . . . . . . . 1125 . . . . 5925 Melee 1597 | . . . . . . 661 . . . . . . . . 70 180 . . . . . . . . . 602 . . . 84 Ramming 67 | . . . . . 25 . . . . . . . . . . . . 16 . . . . . . . . . 12 . 14 Kinetic 3901 | 62 110 . . . 1242 781 353 541 . 308 89 . 127 . 168 . . . . . . . . . . . 120 . . . Thermal 10111 | 89 211 25 . . 590 . . . . . . . 274 . 640 . . 41 75 32 . 2718 470 869 . . 566 49 698 2764 Explosive 9710 | . . . . . 619 . . . . . . 1062 . . 1121 . . . . . . . . . 1125 . . . . 5783 Electromagnetic 142 | . . . . . . . . . . . . . . . . . . . . . . . . . . . . . . 142 Impact . | . . . . . . . . . . . . . . . . . . . . . . . . . . . . . . . Slashing 1174 | . . . . . . 661 . . . . . 45 . . 288 180 . . . . . . . . . . . . . . Piercing 686 | . . . . . . . . . . . . . . . . . . . . . . . . . . 602 . . . 84 Entropic 1644 | . . . . . . . . . . . . . . . . . . . . . . 1578 . . . . . . . 66 Highest Corruption 3 | . . . . . . 1 1 2 2 . . . 1 1 2 1 1 1 . . . . 1 1 1 1 3 . 1 3 Average Corruption 1 | . . . . . . 1 1 1 2 . . . 1 1 1 1 1 1 . . . . 1 1 1 1 1 . 1 1 Corruption Purged 1 | . . . . . . . . . . . . . . . . . . 1 . . . . . . . . . . . . Corruption Blocked . | . . . . . . . . . . . . . . . . . . . . . . . . . . . . . . . Effects 119 | . . . . . . 6 3 5 1 . . . 17 1 34 . 8 3 . . . . 8 8 7 2 10 . . 6 Message Errors 31 | . . . . . . 4 2 2 . . . . 5 . 9 . 1 1 . . . . . 1 1 . 3 . . 2 Matter Fused 30 | . . . . . . 1 1 2 1 . . . 2 . 8 . 5 . . . . . 1 1 . . 6 . . 2 Heat Flow Errors 18 | . . . . . . . . 1 . . . . 4 . 3 . 1 1 . . . . 3 2 1 . 1 . . 1 Energy Discharges 11 | . . . . . . 1 . . . . . . 2 . 4 . . . . . . . . 1 2 . . . . 1 Parts Rejected 2 | . . . . . . . . . . . . . . . 1 . . . . . . . . 1 . . . . . . Parts Fused 2 | . . . . . . . . . . . . . . . 1 . 1 . . . . . . . . . . . . . Data Loss (minor) 16 | . . . . . . . . . . . . . 3 1 4 . . 1 . . . . 4 . 1 2 . . . . Data Loss (major) 4 | . . . . . . . . . . . . . . . 3 . . . . . . . . . 1 . . . . . Misfires 3 | . . . . . . . . . . . . . 1 . . . . . . . . . . 1 1 . . . . . Alerts 1 | . . . . . . . . . . . . . . . . . . . . . . . . 1 . . . . . . Weapon Failures 1 | . . . . . . . . . . . . . . . 1 . . . . . . . . . . . . . . . Overload Shots . | . . . . . . . . . . . . . . . . . . . . . . . . . . . . . . . Overflow Damage 1112 | . . . . . 6 60 . . . . . . . . 120 50 . . . . . 42 . . 57 248 171 . 36 322 Projectiles 363 | . . . . . . . . . . . . . . . . . . . . . . 42 . . . . 171 . 36 114 Explosions 391 | . . . . . 6 . . . . . . . . . 120 . . . . . . . . . 57 . . . . 208 Melee 358 | . . . . . . 60 . . . . . . . . . 50 . . . . . . . . . 248 . . . . Knockbacks 9 | . . . . . 2 4 . . . . . . 2 . . . . . . . . . . . . . . 1 . . Impact 1 | . . . . . . . . . . . . . . . . . . . . . . . . . . . . 1 . . Kinetic 8 | . . . . . 2 4 . . . . . . 2 . . . . . . . . . . . . . . . . . Secondary . | . . . . . . . . . . . . . . . . . . . . . . . . . . . . . . . Self-Inflicted Damage 109 | . . . . . . . . . . . . 109 . . . . . . . . . . . . . . . . . . Shots 3 | . . . . . . . . . . . . 3 . . . . . . . . . . . . . . . . . . Rammed 8 | . . . . . 4 . . . . . . . . . . . . 1 . . . . . . . . . . . 3 Targets Rammed 11 | . . . . . 4 . . . . . . . . . . . . 1 . . . . . . . . . 3 . 3 Kicked 3 | . . . . . . . . . . . . . . . . . . . . . . . . . . . . 3 . . Crushed . | . . . . . . . . . . . . . . . . . . . . . . . . . . . . . . . Highest Temperature 513 | 27 123 18 . . 513 136 . 171 . 45 97 2 140 . 198 . 160 257 198 34 . 148 50 . . . . . 69 297 Average Temperature 82 | 12 35 10 . . 123 47 . 98 . 18 52 1 57 . 69 . 88 146 109 19 . 48 50 . . . . . 46 80 Received Heat Transfer 4127 | . 96 . . . 729 126 . . . 93 36 388 . . 584 288 21 36 30 . . 951 6 63 18 . . . 12 650 Effects 5 | . . . . . 5 . . . . . . . . . . . . . . . . . . . . . . . . . Shutdowns 2 | . . . . . 2 . . . . . . . . . . . . . . . . . . . . . . . . . Energy Bleed 1 | . . . . . 1 . . . . . . . . . . . . . . . . . . . . . . . . . Interference 2 | . . . . . 2 . . . . . . . . . . . . . . . . . . . . . . . . . Siege Activations 5 | . . . . . . . . . . . . . . . . . . . . . . 4 . . . . . . . 1 Total Turns 119 | . . . . . . . . . . . . . . . . . . . . . . 107 . . . . . . . 12 Longest Duration 69 | . . . . . . . . . . . . . . . . . . . . . . 69 . . . . . . . 12 Robots Corrupted . | . . . . . . . . . . . . . . . . . . . . . . . . . . . . . . . Combat Hostiles . | . . . . . . . . . . . . . . . . . . . . . . . . . . . . . . . Parts Fried . | . . . . . . . . . . . . . . . . . . . . . . . . . . . . . . . Impact Corruptions . | . . . . . . . . . . . . . . . . . . . . . . . . . . . . . . . Robots Melted 6 | . . . . . . . . . . . . . . . 2 . . . . . . 1 . 1 . . . . . 2 Combat Hostiles 6 | . . . . . . . . . . . . . . . 2 . . . . . . 1 . 1 . . . . . 2 Parts Melted 27 | 2 . . . . 2 . . . . . . . . . 3 . . . . . . 4 1 6 . . 2 . . 7 Heat Transferred 14722 | 333 629 74 . . 1443 . . . . . . . 500 . 1623 . . 37 125 50 . 4270 636 1600 . . 370 37 405 2590 Parts Sabotaged 4 | . . . . . . . . . . . . . . . . . . . . . . 3 . . . . . . . 1 Parts Stolen . | . . . . . . . . . . . . . . . . . . . . . . . . . . . . . . . Parts Stripped . | . . . . . . . . . . . . . . . . . . . . . . . . . . . . . . . Power Chain Reactions . | . . . . . . . . . . . . . . . . . . . . . . . . . . . . . . . Alert | -11 -10 -10 -10 -9 -8 -7 -7 -7 -7 -6 -6 -6 -6 -6 -5 -5 -5 -5 -5 -5 -5 -4 -4 -4 -4 -4 -3 -3 -2 -1 ------- Run | Yrd Mat Min Exi Min Mat Fac Low Low Zio Pro Fac Low Low Dat Pro Fac Was Fac Upp Upp War Pro Fac Upp Upp Zhi Pro Res Res Acc Peak Influence 2397 | 25 145 55 . . 373 254 . . . . 76 . . . . 198 62 1011 . . . . 86 . . . . 358 301 2397 Initial 333 | . 16 . . . . 157 . . . . . . . . . 23 62 . . . . . . . . . . 333 53 180 Average 189 | 11 39 12 . . 160 84 . . . . 10 . . . . 70 4 376 . . . . 27 . . . . 256 85 1384 Maximum Alert Level 5 | . . . . . 1 1 . . . . . . . . . . . 3 . . . . . . . . . 1 1 5 Low Security (%) 77 | 100 100 100 . 100 56 94 . . . . 100 . . . . 100 100 43 . . . . 100 . . . . 37 91 2 Level 1 14 | . . . . . 43 5 . . . . . . . . . . . 10 . . . . . . . . . 62 8 7 Level 2 1 | . . . . . . . . . . . . . . . . . . 22 . . . . . . . . . . . 8 Level 3 3 | . . . . . . . . . . . . . . . . . . 23 . . . . . . . . . . . 27 Level 4 . | . . . . . . . . . . . . . . . . . . . . . . . . . . . . . . 13 Level 5 2 | . . . . . . . . . . . . . . . . . . . . . . . . . . . . . . 41 High Security . | . . . . . . . . . . . . . . . . . . . . . . . . . . . . . . . Max Security . | . . . . . . . . . . . . . . . . . . . . . . . . . . . . . . . Squads Dispatched 37 | . 1 . . . 4 6 . . . . . . . . . 3 . 3 . . . 1 3 . . . . 2 . 14 Investigation 3 | . 1 . . . . 1 . . . . . . . . . . . . . . . . . . . . . . . 1 Extermination 14 | . . . . . . 5 . . . . . . . . . 1 . 2 . . . . 2 . . . . 2 . 2 Reinforcement 8 | . . . . . 1 . . . . . . . . . . 1 . 1 . . . . 1 . . . . . . 4 Assault 8 | . . . . . . . . . . . . . . . . . . . . . . 1 . . . . . . . 7 Garrison 4 | . . . . . 3 . . . . . . . . . . 1 . . . . . . . . . . . . . . Intercept . | . . . . . . . . . . . . . . . . . . . . . . . . . . . . . . . Searches Triggered . | . . . . . . . . . . . . . . . . . . . . . . . . . . . . . . . Data Miner Redirects 7 | . . . . . . . . . . . . . . . . . . . . . . . . . . . . . . 7 Construction Impeded 1 | . . . . . 1 . . . . . . . . . . . . . . . . . . . . . . . . . Haulers Reinforced 3 | . . . . . . . . . . . . . . . . . . 1 . . . . . . . . . . . 2 Active Scanning Responses . | . . . . . . . . . . . . . . . . . . . . . . . . . . . . . . . Cargo Convoy Interrupts . | . . . . . . . . . . . . . . . . . . . . . . . . . . . . . . . Stealth | -11 -10 -10 -10 -9 -8 -7 -7 -7 -7 -6 -6 -6 -6 -6 -5 -5 -5 -5 -5 -5 -5 -4 -4 -4 -4 -4 -3 -3 -2 -1 --------- Run | Yrd Mat Min Exi Min Mat Fac Low Low Zio Pro Fac Low Low Dat Pro Fac Was Fac Upp Upp War Pro Fac Upp Upp Zhi Pro Res Res Acc Distress Signals 14 | . . . . . 2 2 . . . . . . . . . . . 1 . . . . . . . . . . 4 5 Communications Jammed 154 | . . . . . . . . . . . . . . . . . . . . . . . 1 . . . 1 5 . 147 Distress Signals 150 | . . . . . . . . . . . . . . . . . . . . . . . 1 . . . . 5 . 144 Times Spotted 351 | . 6 3 . . 43 30 2 4 . 8 2 11 11 . 20 8 6 9 5 3 13 21 4 5 4 . 5 7 22 99 Peak Tracking Total 21 | . 2 3 . . 5 5 1 3 . 4 1 5 4 . 4 5 5 3 2 3 8 8 2 1 4 . 1 3 4 21 Tactical Retreats 33 | . . 1 . . 1 4 . . . 2 1 . 4 . 8 . . . . . 1 1 . . . . . . . 10 Traps | -11 -10 -10 -10 -9 -8 -7 -7 -7 -7 -6 -6 -6 -6 -6 -5 -5 -5 -5 -5 -5 -5 -4 -4 -4 -4 -4 -3 -3 -2 -1 ------- Run | Yrd Mat Min Exi Min Mat Fac Low Low Zio Pro Fac Low Low Dat Pro Fac Was Fac Upp Upp War Pro Fac Upp Upp Zhi Pro Res Res Acc Traps Triggered 5 | . 1 . . . . . . . . . . . . . . 1 . . . . . . 1 . . . . . . 2 Indirectly 2 | . . . . . . . . . . . . . . . . . . . . . . . . . . . . . . 2 Trap Hack Attempts . | . . . . . . . . . . . . . . . . . . . . . . . . . . . . . . . Triggered . | . . . . . . . . . . . . . . . . . . . . . . . . . . . . . . . Disarmed . | . . . . . . . . . . . . . . . . . . . . . . . . . . . . . . . Reprogrammed . | . . . . . . . . . . . . . . . . . . . . . . . . . . . . . . . Reused . | . . . . . . . . . . . . . . . . . . . . . . . . . . . . . . . Traps Extracted . | . . . . . . . . . . . . . . . . . . . . . . . . . . . . . . . Installed . | . . . . . . . . . . . . . . . . . . . . . . . . . . . . . . . Triggered 13 | . . . . . . . . 1 . . . . . . . . . . 1 . 9 . . 1 . . 1 . . . Machines | -11 -10 -10 -10 -9 -8 -7 -7 -7 -7 -6 -6 -6 -6 -6 -5 -5 -5 -5 -5 -5 -5 -4 -4 -4 -4 -4 -3 -3 -2 -1 ---------- Run | Yrd Mat Min Exi Min Mat Fac Low Low Zio Pro Fac Low Low Dat Pro Fac Was Fac Upp Upp War Pro Fac Upp Upp Zhi Pro Res Res Acc Machines Disabled 25 | . . . . . 3 2 . . 3 . . . . . . 2 . 7 . . . . . . . . . . 2 6 Max in Single Turn 2 | . . . . . 1 1 . . 1 . . . . . . . . . . . . . . . . . . . . 2 Garrison Access 1 | . . . . . . . . . . . . . . . . . . . . . . . . . . . . . . 1 Energy Cycler 1 | . . . . . . . . . . . . . . . . . . . . . . . . . . . . . . 1 Machines Repaired . | . . . . . . . . . . . . . . . . . . . . . . . . . . . . . . . Machines Dismantled 3 | . . . . . . . . . 3 . . . . . . . . . . . . . . . . . . . . . Machines Sabotaged . | . . . . . . . . . . . . . . . . . . . . . . . . . . . . . . . Overloaded Fab Kills . | . . . . . . . . . . . . . . . . . . . . . . . . . . . . . . . Hacking | -11 -10 -10 -10 -9 -8 -7 -7 -7 -7 -6 -6 -6 -6 -6 -5 -5 -5 -5 -5 -5 -5 -4 -4 -4 -4 -4 -3 -3 -2 -1 --------- Run | Yrd Mat Min Exi Min Mat Fac Low Low Zio Pro Fac Low Low Dat Pro Fac Was Fac Upp Upp War Pro Fac Upp Upp Zhi Pro Res Res Acc Machines Accessed 66 | . 5 . 1 . 10 13 . . . . 3 . . 4 . 2 . 8 1 . 2 . 1 . . 4 . 7 1 4 Terminals 36 | . 5 . . . 6 6 . . . . 1 . . . . 2 . 6 . . . . . . . . . 6 1 3 Fabricators 3 | . . . . . . 1 . . . . 1 . . . . . . . . . . . 1 . . . . . . . Repair Stations 6 | . . . . . 2 2 . . . . 1 . . . . . . . . . . . . . . . . 1 . . Recycling Units 4 | . . . . . . 2 . . . . . . . . . . . 2 . . . . . . . . . . . . Scanalyzers 2 | . . . . . 1 1 . . . . . . . . . . . . . . . . . . . . . . . . Garrison Access 3 | . . . . . 1 1 . . . . . . . . . . . . . . . . . . . . . . . 1 Total Hacks 181 | . 17 . 1 . 26 30 . . . . 6 . . 33 . 3 . 19 1 . 3 . 2 . . 16 . 17 2 5 Successful 116 | . 9 . 1 . 18 15 . . . . 2 . . 33 . 2 . 4 1 . 3 . . . . 16 . 9 1 2 Failed 65 | . 8 . . . 8 15 . . . . 4 . . . . 1 . 15 . . . . 2 . . . . 8 1 3 Catastrophic 12 | . . . . . 1 3 . . . . . . . . . 1 . 5 . . . . . . . . . 1 . 1 Database Lockouts . | . . . . . . . . . . . . . . . . . . . . . . . . . . . . . . . Manual 81 | . 14 . 1 . 15 16 . . . . 2 . . . . 2 . 14 . . 2 . . . . . . 11 1 3 Terminals 98 | . 17 . . . 18 19 . . . . 3 . . . . 3 . 17 . . . . . . . . . 15 2 4 Fabricators 4 | . . . . . . 1 . . . . 1 . . . . . . . . . . . 2 . . . . . . . Repair Stations 11 | . . . . . 4 3 . . . . 2 . . . . . . . . . . . . . . . . 2 . . Recycling Units 5 | . . . . . . 3 . . . . . . . . . . . 2 . . . . . . . . . . . . Scanalyzers 3 | . . . . . 2 1 . . . . . . . . . . . . . . . . . . . . . . . . Garrison Access 6 | . . . . . 2 3 . . . . . . . . . . . . . . . . . . . . . . . 1 Terminal Hacks 72 | . 2 . 1 . 2 5 . . . . 1 . . 33 . 1 . 4 1 . 3 . . . . 16 . 2 . 1 Record 20 | . . . . . . 1 . . . . . . . 11 . 1 . . . . 2 . . . . 5 . . . . Part Schematic 15 | . . . . . . . . . . . . . . 12 . . . . . . . . . . . 3 . . . . Robot Schematic 7 | . . . . . . . . . . . . . . 7 . . . . . . . . . . . . . . . . Robot Analysis 6 | . . . . . . 2 . . . . . . . . . . . . . . . . . . . 4 . . . . Prototype ID Bank 9 | . 2 . . . . . . . . . . . . 3 . . . . . . . . . . . 4 . . . . Open Door 2 | . . . . . . . . . . . . . . . . . . . 1 . 1 . . . . . . . . . Branch Access Points 3 | . . . . . 1 . . . . . 1 . . . . . . 1 . . . . . . . . . . . . Unreport Threat 3 | . . . . . . 1 . . . . . . . . . . . 2 . . . . . . . . . . . . Recall Extermination 1 | . . . . . . . . . . . . . . . . . . . . . . . . . . . . 1 . . Zone Layout 5 | . . . . . 1 1 . . . . . . . . . . . 1 . . . . . . . . . 1 . 1 Derelict Proto ID Bank 1 | . . . 1 . . . . . . . . . . . . . . . . . . . . . . . . . . . Fabricator Hacks 1 | . . . . . . 1 . . . . . . . . . . . . . . . . . . . . . . . . Network Status 1 | . . . . . . 1 . . . . . . . . . . . . . . . . . . . . . . . . Repair Station Hacks 8 | . . . . . 4 2 . . . . . . . . . . . . . . . . . . . . . 2 . . Scan Component 4 | . . . . . 2 1 . . . . . . . . . . . . . . . . . . . . . 1 . . Repair 4 | . . . . . 2 1 . . . . . . . . . . . . . . . . . . . . . 1 . . Recycling Unit Hacks 1 | . . . . . . 1 . . . . . . . . . . . . . . . . . . . . . . . . Retrieve Components 1 | . . . . . . 1 . . . . . . . . . . . . . . . . . . . . . . . . Scanalyzer 2 | . . . . . 2 . . . . . . . . . . . . . . . . . . . . . . . . . Insert Component 1 | . . . . . 1 . . . . . . . . . . . . . . . . . . . . . . . . . Analyze 1 | . . . . . 1 . . . . . . . . . . . . . . . . . . . . . . . . . Garrison Access Hacks 1 | . . . . . . . . . . . . . . . . . . . . . . . . . . . . . . 1 Seal Access 1 | . . . . . . . . . . . . . . . . . . . . . . . . . . . . . . 1 Unauthorized Hacks 30 | . 7 . . . 9 6 . . . . 1 . . . . 1 . . . . . . . . . . . 5 1 . Terminals 30 | . 7 . . . 9 6 . . . . 1 . . . . 1 . . . . . . . . . . . 5 1 . Botnet 7 | . 2 . . . 3 1 . . . . . . . . . . . . . . . . . . . . . 1 . . Operators 1 | . . . . . 1 . . . . . . . . . . . . . . . . . . . . . . . . . Skim 22 | . 5 . . . 5 5 . . . . 1 . . . . 1 . . . . . . . . . . . 4 1 . Fabricators . | . . . . . . . . . . . . . . . . . . . . . . . . . . . . . . . Repair Stations . | . . . . . . . . . . . . . . . . . . . . . . . . . . . . . . . Recycling Units . | . . . . . . . . . . . . . . . . . . . . . . . . . . . . . . . Scanalyzers . | . . . . . . . . . . . . . . . . . . . . . . . . . . . . . . . Garrison Access . | . . . . . . . . . . . . . . . . . . . . . . . . . . . . . . . Data Cores Recovered 2 | . 1 . . . . . . . . . . . . . . . . . . . . . . . . . . . 1 . Used 1 | . . . . . . . . . . . . . . . . . . . . . . . . . . . . . 1 . Hacking Detections 47 | . 5 . . . 9 10 . . . . 3 . . . . 1 . 7 . . . . 1 . . . . 7 1 3 Full Trace Events 2 | . . . . . 1 1 . . . . . . . . . . . . . . . . . . . . . . . . Feedback Events 1 | . . . . . . 1 . . . . . . . . . . . . . . . . . . . . . . . . Corruption 1 | . . . . . . 1 . . . . . . . . . . . . . . . . . . . . . . . . Feedback Blocked . | . . . . . . . . . . . . . . . . . . . . . . . . . . . . . . . Robot Schematics Acquired 7 | . . . . . . . . . . . . . . 7 . . . . . . . . . . . . . . . . Robots Built . | . . . . . . . . . . . . . . . . . . . . . . . . . . . . . . . Authchips . | . . . . . . . . . . . . . . . . . . . . . . . . . . . . . . . Time . | . . . . . . . . . . . . . . . . . . . . . . . . . . . . . . . Total Robot Build Rating . | . . . . . . . . . . . . . . . . . . . . . . . . . . . . . . . Part Schematics Acquired 15 | . . . . . . . . . . . . . . 12 . . . . . . . . . . . 3 . . . . Parts Built . | . . . . . . . . . . . . . . . . . . . . . . . . . . . . . . . Authchips . | . . . . . . . . . . . . . . . . . . . . . . . . . . . . . . . Time . | . . . . . . . . . . . . . . . . . . . . . . . . . . . . . . . Total Part Build Rating . | . . . . . . . . . . . . . . . . . . . . . . . . . . . . . . . Parts Repaired 4 | . . . . . 2 1 . . . . . . . . . . . . . . . . . . . . . 1 . . Time 234 | . . . . . 102 70 . . . . . . . . . . . . . . . . . . . . . 62 . . Parts Recycled . | . . . . . . . . . . . . . . . . . . . . . . . . . . . . . . . Recycled Matter . | . . . . . . . . . . . . . . . . . . . . . . . . . . . . . . . Retrieved Matter . | . . . . . . . . . . . . . . . . . . . . . . . . . . . . . . . Retrieved Components 9 | . . . . . . 9 . . . . . . . . . . . . . . . . . . . . . . . . Parts Scanalyzed 1 | . . . . . 1 . . . . . . . . . . . . . . . . . . . . . . . . . Part Schematics Acquired . | . . . . . . . . . . . . . . . . . . . . . . . . . . . . . . . Parts Damaged . | . . . . . . . . . . . . . . . . . . . . . . . . . . . . . . . Bothacking | -11 -10 -10 -10 -9 -8 -7 -7 -7 -7 -6 -6 -6 -6 -6 -5 -5 -5 -5 -5 -5 -5 -4 -4 -4 -4 -4 -3 -3 -2 -1 ------------ Run | Yrd Mat Min Exi Min Mat Fac Low Low Zio Pro Fac Low Low Dat Pro Fac Was Fac Upp Upp War Pro Fac Upp Upp Zhi Pro Res Res Acc Used RIF Installer . | . . . . . . . . . . . . . . . . . . . . . . . . . . . . . . . Robots Hacked 3 | . . . . . . . . . . . . . . . . . . . . . . . . . . . . . 1 2 Non-combat . | . . . . . . . . . . . . . . . . . . . . . . . . . . . . . . . Combat . | . . . . . . . . . . . . . . . . . . . . . . . . . . . . . . . Robot Hacks Applied . | . . . . . . . . . . . . . . . . . . . . . . . . . . . . . . . Manual 3 | . . . . . . . . . . . . . . . . . . . . . . . . . . . . . 1 2 Relay Couplers Released . | . . . . . . . . . . . . . . . . . . . . . . . . . . . . . . . Fabnet Peak Effective % . | . . . . . . . . . . . . . . . . . . . . . . . . . . . . . . . Robots Rewired 2 | . . . . . . . . . . . . . . . . . . . . . . 2 . . . . . . . . Allies Hacked . | . . . . . . . . . . . . . . . . . . . . . . . . . . . . . . . Hacks Repelled . | . . . . . . . . . . . . . . . . . . . . . . . . . . . . . . . Allies | -11 -10 -10 -10 -9 -8 -7 -7 -7 -7 -6 -6 -6 -6 -6 -5 -5 -5 -5 -5 -5 -5 -4 -4 -4 -4 -4 -3 -3 -2 -1 -------- Run | Yrd Mat Min Exi Min Mat Fac Low Low Zio Pro Fac Low Low Dat Pro Fac Was Fac Upp Upp War Pro Fac Upp Upp Zhi Pro Res Res Acc Total Allies 33 | . . 2 . 3 . . . . . . . . . . 1 . 18 . . . . 2 . . . . . . 5 2 Largest Group 18 | . . 2 2 3 3 . . . . . . . . . 1 . 18 18 12 7 6 3 . . . . . . 5 4 Highest-Rated Group 745 | . . 45 45 40 40 . . . . . . . . . 96 . 656 656 481 256 209 100 . . . . . . 745 642 Highest-Rated Ally 361 | . . 31 31 16 16 . . . . . . . . . 96 . 50 50 50 47 46 47 . . . . . . 361 361 Total Orders 4 | . . . . . . . . . . . . . . . . 1 1 . . . . 1 . . . . . . 1 . FOLLOW 1 | . . . . . . . . . . . . . . . . . . . . . . . . . . . . . 1 . EXPLORE 1 | . . . . . . . . . . . . . . . . . . . . . . 1 . . . . . . . . RETURN 2 | . . . . . . . . . . . . . . . . 1 1 . . . . . . . . . . . . . Ally Attacks 649 | . . . . . 13 . . . . . . . . . 7 59 220 149 31 14 13 35 . . . . . . 47 61 Total Damage 18344 | . . . . . 147 . . . . . . . . . 141 917 3110 4473 1030 354 277 882 . . . . . . 1856 5157 Kills 106 | . . . . . 1 . . . . . . . . . 1 6 8 31 6 3 1 1 . . . . . . 7 41 Allies Corrupted . | . . . . . . . . . . . . . . . . . . . . . . . . . . . . . . . Allies Melted 2 | . . . . . . . . . . . . . . . . . . . . . . . . . . . . . 2 . Intel | -11 -10 -10 -10 -9 -8 -7 -7 -7 -7 -6 -6 -6 -6 -6 -5 -5 -5 -5 -5 -5 -5 -4 -4 -4 -4 -4 -3 -3 -2 -1 ------- Run | Yrd Mat Min Exi Min Mat Fac Low Low Zio Pro Fac Low Low Dat Pro Fac Was Fac Upp Upp War Pro Fac Upp Upp Zhi Pro Res Res Acc Robot Analysis Total 6 | . . . . . . 2 . . . . . . . . . . . . . . . . . . . 4 . . . . Derelict Logs Recovered 18 | . . 1 . . . . 1 1 1 . . 1 2 . 1 . . . 2 2 . 3 . 1 2 . . . . . Drone Launches 37 | . . . . . . . . . . . . . . . . 7 29 . . . . 1 . . . . . . . . Drone Recoveries 24 | . . . . . . . . . . . . . . . . 6 18 . . . . . . . . . . . . . Exploration | -11 -10 -10 -10 -9 -8 -7 -7 -7 -7 -6 -6 -6 -6 -6 -5 -5 -5 -5 -5 -5 -5 -4 -4 -4 -4 -4 -3 -3 -2 -1 ------------- Run | Yrd Mat Min Exi Min Mat Fac Low Low Zio Pro Fac Low Low Dat Pro Fac Was Fac Upp Upp War Pro Fac Upp Upp Zhi Pro Res Res Acc Turns Passed 33899 | 120 1165 848 591 435 2732 3034 489 361 1572 1032 518 290 4011 273 3151 318 1423 817 590 425 993 2537 893 954 493 482 716 843 758 1035 Spaces Moved 14717 | 53 358 351 246 141 1033 1607 358 255 1141 440 350 207 437 85 491 149 816 481 320 259 520 1095 487 570 308 233 486 566 460 414 Core 333 | 11 . . . . . . . . . . . . 159 . 123 . 5 . . . . . . . . . . . . 35 Treads 7218 | 42 358 351 246 141 598 . . . . . . . 259 85 346 . 761 481 320 259 520 787 . 569 308 233 64 . 111 379 Legs 2354 | . . . . . . . . . . . . . . . 22 149 50 . . . . 308 487 1 . . 422 566 349 . Wheels 3256 | . . . . . . 486 358 255 1141 440 350 207 19 . . . . . . . . . . . . . . . . . Hover 1556 | . . . . . 435 1121 . . . . . . . . . . . . . . . . . . . . . . . . Flight . | . . . . . . . . . . . . . . . . . . . . . . . . . . . . . . . Fastest Speed 50 | 50 160 240 240 240 162 125 125 125 125 125 115 115 125 325 190 120 50 160 160 160 160 120 120 156 156 156 120 120 120 50 Average Speed 200 | 157 172 240 240 240 207 159 125 125 125 125 129 126 900 325 618 191 166 160 160 160 161 196 170 156 156 179 125 120 139 194 Slowest Speed 1950 | 200 240 240 240 240 385 286 125 125 125 125 130 145 1950 325 1650 470 1350 160 160 160 240 330 190 190 156 240 160 120 217 225 Overloaded Moves . | . . . . . . . . . . . . . . . . . . . . . . . . . . . . . . . Propulsion Burnouts . | . . . . . . . . . . . . . . . . . . . . . . . . . . . . . . . Robots Hopped . | . . . . . . . . . . . . . . . . . . . . . . . . . . . . . . . Cave-ins Triggered . | . . . . . . . . . . . . . . . . . . . . . . . . . . . . . . . Teleports 1 | . . . . . . . . . . . . . . . . . . . . . . . . . . . . . . 1 Exploration Rate (%) 49 | 4 62 75 62 30 65 35 50 47 83 55 8 40 68 75 72 6 97 14 60 53 70 98 13 68 49 60 61 15 15 24 Regions Visited 30 Branch Regions 19 Pre-discovered Areas 13 | . 1 . . . 1 1 . . 2 . . 1 . 1 . . . . 1 1 . 1 . . . 3 . . . . Known Exits Taken 19 | . 1 1 1 . 1 1 1 1 . 1 1 1 1 . 1 . . 1 1 1 . . 1 . . . 1 1 1 . Unknown Exits Taken 9 | 1 . . . 1 . . . . 1 . . . . 1 . . . . . . 1 1 . 1 1 1 . . . . Scrap Searched 30 | . . . . . . . 3 . 4 1 . 2 3 . 1 . . . 2 3 . 5 . 1 3 . 2 . . . Spaces Dug 60 | . . . . . . 35 1 . . 1 4 . . . . . . 4 . . . . 2 . . . . . . 13 Terrain Destroyed 588 | . . . . . 58 53 1 . . 2 5 102 10 . 56 . . 6 . . . 6 5 6 80 . 18 1 12 167 Melee 34 | . . . . . . 29 1 . . 1 3 . . . . . . . . . . . . . . . . . . . Projectile 120 | . . . . . 5 24 . . . 1 2 2 10 . 5 . . 6 . . . 6 5 6 . . 18 1 12 17 AOE 434 | . . . . . 53 . . . . . . 100 . . 51 . . . . . . . . . 80 . . . . 150 Terrain Rammed . | . . . . . . . . . . . . . . . . . . . . . . . . . . . . . . . Walls Destroyed . | . . . . . . . . . . . . . . . . . . . . . . . . . . . . . . . Machines Disabled . | . . . . . . . . . . . . . . . . . . . . . . . . . . . . . . . Actions | -11 -10 -10 -10 -9 -8 -7 -7 -7 -7 -6 -6 -6 -6 -6 -5 -5 -5 -5 -5 -5 -5 -4 -4 -4 -4 -4 -3 -3 -2 -1 --------- Run | Yrd Mat Min Exi Min Mat Fac Low Low Zio Pro Fac Low Low Dat Pro Fac Was Fac Upp Upp War Pro Fac Upp Upp Zhi Pro Res Res Acc Total 18036 | 71 866 354 248 239 1470 1921 377 268 1234 894 400 223 475 84 539 177 877 519 395 270 675 1357 532 602 316 288 569 724 554 518 Wait 2160 | 2 476 2 . 97 283 148 1 1 42 434 27 4 1 . . 14 28 20 50 5 106 146 2 16 . . 62 124 52 17 Move 14688 | 52 357 350 245 140 1032 1606 357 254 1140 439 349 206 436 84 490 149 815 480 319 258 519 1094 486 569 307 232 485 565 459 414 Hop . | . . . . . . . . . . . . . . . . . . . . . . . . . . . . . . . Pick Up 151 | 2 8 . 3 2 15 15 4 . 8 2 4 . 6 . 2 1 3 1 13 2 11 9 9 1 1 14 3 6 4 2 Fast Attach 77 | 7 . . . . 4 6 . . . . 2 . 4 . 5 4 16 . . . 1 12 7 1 . 3 . 1 2 2 Attach 76 | . . . . . 4 2 . . 1 2 1 2 5 . 8 2 1 . . . 9 10 3 1 2 5 . 2 2 14 Detach 16 | . . . . . . . . . . . . . . . . 4 4 . . . 1 . 1 . . 4 . . 2 . Swap 191 | 1 1 . . . 32 35 3 . 8 5 4 1 2 . 1 . 1 8 4 1 16 11 7 1 2 11 6 15 9 6 Drop 136 | . 3 . . . 25 18 2 . 8 . 4 . . . . . 9 2 5 3 12 3 9 . . 12 3 7 11 . Fire 417 | 7 21 2 . . 71 37 9 13 . 11 6 10 21 . 32 . . 7 4 1 . 62 8 13 4 . 10 1 12 55 Melee 76 | . . . . . . 54 1 . . 1 3 . . . 1 3 . . . . . . . . . 7 . . 1 5 Ram . | . . . . . . . . . . . . . . . . . . . . . . . . . . . . . . . Kick 3 | . . . . . . . . . . . . . . . . . . . . . . . . . . . . 3 . . Crush 8 | . . . . . 4 . . . . . . . . . . . . 1 . . . . . . . . . . . 3 Escape Stasis . | . . . . . . . . . . . . . . . . . . . . . . . . . . . . . . . Rewire 10 | . . . . . . . . . . . . . . . . . . . . . . 10 . . . . . . . . Trap . | . . . . . . . . . . . . . . . . . . . . . . . . . . . . . . . Miscellaneous 27 | . . . . . . . . . 27 . . . . . . . . . . . . . . . . . . . . . Route ------- -11/Scrapyard -10/Materials (discovered 5 exits: *Mat x2 / *Min x2 / Sub) -10/Mines (discovered 4 exits: *Mat x2 / *Exi / Sub) -10/Exiles (discovered 2 exits: *Min x2) -9/Mines -8/Materials (discovered 3 exits: *Fac x3) -7/Factory (discovered 5 exits: *Fac x4 / *Low) -7/Lower Caves -7/Lower Caves (discovered 2 exits: Fac / *Zio) -7/Zion (discovered 2 exits: [*Dee] / [*Pro]) -6/Proximity Caves -6/Factory (discovered 3 exits: Fac / *Low x2) -6/Lower Caves -6/Lower Caves (discovered 2 exits: *Fac / *Dat) -6/Data Miner -5/Proximity Caves -5/Factory (discovered 2 exits: Upp x2) -5/Waste -5/Factory (discovered 2 exits: *Upp x2) -5/Upper Caves -5/Upper Caves -5/Warlord -4/Proximity Caves -4/Factory (discovered 4 exits: Res / *Upp x2 / Ext) -4/Upper Caves -4/Upper Caves (discovered 2 exits: Res / *Zhi) -4/Zhirov -3/Proximity Caves -3/Research (discovered 2 exits: *Res x2) -2/Research -1/Access History --------- Turn | Location | Event 20 | -11/Scrapyard | Discovered new exit (range 15) 121 | -11/Scrapyard | Entered Materials 316 | -10/Materials | Build established: Mutant 325 | -10/Materials | Discovered new exit (range 16) 488 | -10/Materials | Discovered new exit (range 16) 606 | -10/Materials | Discovered new exit (range 4) 621 | -10/Materials | Derelicts attacked the area 763 | -10/Materials | Identified exit to Mines 763 | -10/Materials | Identified exit to Subcaves 843 | -10/Materials | Learned location of Mines (-9) 1028 | -10/Materials | Learned Storage emergency access door positions 1123 | -10/Materials | Learned 2 Storage zone layouts 1186 | -10/Materials | Learned 2 Mines zone layouts 1286 | -10/Materials | Entered Mines 1287 | -10/Mines | Identified exit to Materials 1287 | -10/Mines | Identified exit to Exiles 2118 | -10/Mines | Deemed a non-threat by the Exiles lab entrance 2134 | -10/Mines | Entered Exiles 2134 | -10/Exiles | Accompanied by 2 allies 2135 | -10/Exiles | Identified exit to Mines 2164 | -10/Exiles | Led the pair of lost Derelicts to a safe place 2194 | -10/Exiles | Met 8R-AWN 2228 | -10/Exiles | Met EX-HEX 2300 | -10/Exiles | Met EX-BIN 2331 | -10/Exiles | Aligned with FarCom system 2334 | -10/Exiles | Given EX-Vault access code 2401 | -10/Exiles | Opened EX-Vault 2420 | -10/Exiles | Found Army-in-a-Box 2469 | -10/Exiles | Warned to stay clear of 0b10 Research branches 2553 | -10/Exiles | Met EX-DEC 2725 | -10/Exiles | Left Exiles lab with Army-in-a-Box 2725 | -10/Exiles | Entered Mines 2931 | -9/Mines | A weapon hastily lodged in a ceiling crevice suddenly fell to the ground 3093 | -9/Mines | Discovered new exit (range 10) 3107 | -9/Mines | Assisted by bots powering up and referring to "LRC-V3" 3160 | -9/Mines | Entered Materials 3160 | -8/Materials | Accompanied by 3 allies 3160 | -8/Materials | Evolved 4 slots: Propulsion x1, Utility x2, Weapon x1 3376 | -8/Materials | Lost 3 allies 3661 | -8/Materials | Build established: Scavenger-Skirmisher 4190 | -8/Materials | Discovered new exit (range 7) 4428 | -8/Materials | Build established: Scavenger-Tank 4673 | -8/Materials | Discovered new exit (range 5) 4849 | -8/Materials | Garrison activated, responded to threat 4935 | -8/Materials | Destroyed 8 combat bots 5059 | -8/Materials | Build established: Tank 5204 | -8/Materials | Repaired Hvy. Assault Rifle 5486 | -8/Materials | Repaired Imp. Airjet 5786 | -8/Materials | Learned Factory trap positions 5810 | -8/Materials | Learned Storage trap positions 5823 | -8/Materials | Identified exit to Factory 5826 | -8/Materials | Learned location of Zion (-7) 5828 | -8/Materials | Learned location of 2 exits from Factory 5829 | -8/Materials | Learned 2 Storage zone layouts 5841 | -8/Materials | Learned 8 Factory zone layouts 5892 | -8/Materials | Entered Factory 5892 | -7/Factory | Evolved 2 slots: Utility x2 5893 | -7/Factory | Identified exit to Factory 5893 | -7/Factory | Identified exit to Lower Caves 5896 | -7/Factory | Loaded intel: 104 trap records 6333 | -7/Factory | Discovered exit to Factory (range 4) 6708 | -7/Factory | Repaired Imp. Airjet 6881 | -7/Factory | Build established: Mutant 8154 | -7/Factory | Build established: Gunner 8507 | -7/Factory | Build established: Mutant 8605 | -7/Factory | Learned location of 2 exits from Lower Caves 8651 | -7/Factory | Learned location of Proximity Caves (-6) 8685 | -7/Factory | Learned location of 1 exit from Lower Caves 8723 | -7/Factory | Learned Extension emergency access door positions 8726 | -7/Factory | Learned Hub_04(d) terminal intel 8727 | -7/Factory | Loaded intel: 4 scanalyzer locations 8733 | -7/Factory | Learned location of 1 exit from Lower Caves 8748 | -7/Factory | Learned location of 2 exits from Upper Caves 8771 | -7/Factory | Learned location of 2 exits from Factory 8926 | -7/Factory | Entered Lower Caves 8927 | -7/Lower Caves | Identified exit to Lower Caves 9180 | -7/Lower Caves | Learned Factory garrison access intel 9210 | -7/Lower Caves | Build established: Gunner 9415 | -7/Lower Caves | Entered another Lower Caves area 9416 | -7/Lower Caves | Identified exit to Zion 9583 | -7/Lower Caves | Attracted the attention of an 0b10 checkpoint 9776 | -7/Lower Caves | Entered Zion 9785 | -7/Zion | Learned location of Extension (-4) 9840 | -7/Zion | System corruption cleaned by Quarantine Array 9874 | -7/Zion | Found Prototype Device 9899 | -7/Zion | Discovered new exit (range 16) 9928 | -7/Zion | Identified Mobile Refinery Mk. CCLXVII 10448 | -7/Zion | Discovered new exit (range 5) 10451 | -7/Zion | Saw the warning signs outside the Deep Caves entrance 10564 | -7/Zion | Learned location of Data Miner (-6) 11287 | -7/Zion | Found Prototype Special Weapon 11287 | -7/Zion | Identified RU-N14's Throwing Claymores 11296 | -7/Zion | Found RU-N14's Throwing Claymores 11298 | -7/Zion | Found RU-N14's Throwing Claymores 11301 | -7/Zion | Found RU-N14's Throwing Claymores 11348 | -7/Zion | Entered Proximity Caves 11350 | -6/Proximity Caves | Attracted the attention of an 0b10 checkpoint 11425 | -6/Proximity Caves | Spotted B-75 Beast 12347 | -6/Proximity Caves | Discovered exit to Factory (range 5) 12380 | -6/Proximity Caves | Entered Factory 12380 | -6/Factory | Evolved 2 slots: Propulsion x1, Utility x1 12381 | -6/Factory | Identified exit to Lower Caves 12381 | -6/Factory | Identified exit to Factory 12382 | -6/Factory | Loaded intel: 4 garrison access locations 12898 | -6/Factory | Entered Lower Caves 12899 | -6/Lower Caves | Identified exit to Lower Caves 13186 | -6/Lower Caves | Lost 5 parts (1n2u2w) 13188 | -6/Lower Caves | Entered another Lower Caves area 13362 | -6/Lower Caves | Discovered exit to Factory (range 10) 13386 | -6/Lower Caves | Build established: Mutant 13420 | -6/Lower Caves | Identified exit to Data Miner 16271 | -6/Lower Caves | Learned location of 1 exit from Lower Caves 17011 | -6/Lower Caves | Build established: Scavenger-Gunner 17199 | -6/Lower Caves | Entered Data Miner 17199 | -6/Data Miner | Discovered new exit (range 6) 17242 | -6/Data Miner | Met Data Miner 17320 | -6/Data Miner | Learned location of Section 7 (-3) 17320 | -6/Data Miner | Acquired the access code to Warlord's prototype stash 17388 | -6/Data Miner | Received God Mode back door access code from Data Miner 17472 | -6/Data Miner | Entered Proximity Caves 17641 | -5/Proximity Caves | Learned 4 Factory zone layouts 18624 | -5/Proximity Caves | Core integrity fell below 50% 18702 | -5/Proximity Caves | Destroyed 7 combat bots 18704 | -5/Proximity Caves | Lost 9 parts (1p2n3u3w) 18932 | -5/Proximity Caves | Build established: Mutant 20198 | -5/Proximity Caves | Discovered exit to Factory (range 9) 20515 | -5/Proximity Caves | Escorted by Enhanced Grunt 20524 | -5/Proximity Caves | Core integrity fell below 20% 20586 | -5/Proximity Caves | Found Prototype Device 20586 | -5/Proximity Caves | Identified Exp. Thermal Shield 20623 | -5/Proximity Caves | Entered Factory 20623 | -5/Factory | Evolved 2 slots: Power x1, Utility x1 20624 | -5/Factory | Identified exit to Upper Caves 20867 | -5/Factory | Garrison activated, responded to threat 20877 | -5/Factory | Lost 3 parts (1p1n1u) 20941 | -5/Factory | Sucked down chute 20941 | -5/Factory | Entered Waste 20981 | -5/Waste | Spotted C-40 Crusher 21001 | -5/Waste | Spotted C-40 Crusher 21022 | -5/Waste | Spotted C-40 Crusher 21032 | -5/Waste | Crushed by Compactor (1 part destroyed, 1 dropped) 21035 | -5/Waste | Crushed by Compactor (1 part destroyed, 2 dropped) 21044 | -5/Waste | Spotted C-40 Crusher 21053 | -5/Waste | Spotted C-40 Crusher 21058 | -5/Waste | Allies destroyed C-40 Crusher 21069 | -5/Waste | Allies destroyed C-40 Crusher 21073 | -5/Waste | Allies destroyed C-40 Crusher 21074 | -5/Waste | Allies destroyed C-40 Crusher 21076 | -5/Waste | Allies destroyed C-40 Crusher 21081 | -5/Waste | Spotted C-40 Crusher 21082 | -5/Waste | Allies destroyed C-40 Crusher 21104 | -5/Waste | Lost 11 allies 21369 | -5/Waste | Discovered new exit (range 15) 21444 | -5/Waste | Build established: Scavenger-Mutant 21485 | -5/Waste | Warlord forces began an assault 21923 | -5/Waste | Found Damper Plating 22019 | -5/Waste | Found Broken Fusion Bomb Launcher 22218 | -5/Waste | Build established: Scavenger-Tank 22364 | -5/Waste | Entered Factory 22364 | -5/Factory | Accompanied by 18 allies 22844 | -5/Factory | Lost 3 allies 23181 | -5/Factory | Entered Upper Caves 23181 | -5/Upper Caves | Accompanied by 12 allies 23182 | -5/Upper Caves | Identified exit to Upper Caves 23435 | -5/Upper Caves | Lost 3 allies 23441 | -5/Upper Caves | Found DCF Scrap (13 items) 23568 | -5/Upper Caves | Encountered a Warlord checkpoint 23609 | -5/Upper Caves | Learned 4 Factory zone layouts 23771 | -5/Upper Caves | Entered another Upper Caves area 23771 | -5/Upper Caves | Accompanied by 7 allies 23772 | -5/Upper Caves | Identified exit to Warlord 23869 | -5/Upper Caves | Learned location of Armory (-4) 24085 | -5/Upper Caves | Learned location of 1 exit from Factory 24196 | -5/Upper Caves | Entered Warlord 24196 | -5/Warlord | Accompanied by 6 allies 24338 | -5/Warlord | Found Prototype Device 24338 | -5/Warlord | Identified Minesniffer Drone Bay 24646 | -5/Warlord | Visited the Vortex Lab 24657 | -5/Warlord | Warlord's base attacked by MAIN.C 24659 | -5/Warlord | Found Prototype Energy Cannon 24659 | -5/Warlord | Identified Vortex Cannon 24665 | -5/Warlord | Found Prototype Energy Gun 24665 | -5/Warlord | Identified Vortex Rifle 24676 | -5/Warlord | Found Vortex Rifle 24681 | -5/Warlord | Found Vortex Cannon 24819 | -5/Warlord | Met Warlord 24837 | -5/Warlord | Opened Warlord's prototype stash 24847 | -5/Warlord | Found Prototype Reactor 24857 | -5/Warlord | Found Prototype Processor 25007 | -5/Warlord | Warlord forces counterattacked 25024 | -5/Warlord | P-70 Sage assimilated allied 1A-Q3N(g) 25094 | -5/Warlord | Spotted Striker 25098 | -5/Warlord | Spotted Executioner 25160 | -5/Warlord | Discovered new exit (range 8) 25189 | -5/Warlord | Entered Proximity Caves 25189 | -4/Proximity Caves | Accompanied by 3 allies 25211 | -4/Proximity Caves | Lost 16 allies 25390 | -4/Proximity Caves | Received a Behemoth hack from an annoying Tinkerer 25429 | -4/Proximity Caves | Learned location of Testing (-2) 25456 | -4/Proximity Caves | Learned location of 1 exit from Research 25585 | -4/Proximity Caves | Attracted the attention of an 0b10 outpost 25642 | -4/Proximity Caves | Core integrity fell below 50% 25664 | -4/Proximity Caves | Lost 3 allies 25698 | -4/Proximity Caves | Core integrity fell below 20% 25722 | -4/Proximity Caves | Lost 13 parts (2p2n5u4w) 25725 | -4/Proximity Caves | Destroyed 10 combat bots 26561 | -4/Proximity Caves | Discovered new exit (range 9) 27113 | -4/Proximity Caves | Spotted B-86 Titan 27167 | -4/Proximity Caves | Destroyed B-86 Titan 27357 | -4/Proximity Caves | Lost 7 parts (1p2n3u1w) 27614 | -4/Proximity Caves | Build established: Scavenger-Mutant 27726 | -4/Proximity Caves | Entered Factory 27726 | -4/Factory | Evolved 2 slots: Propulsion x2 27727 | -4/Factory | Identified exit to Extension 27728 | -4/Factory | Identified exit to Research 27729 | -4/Factory | Identified exit to Upper Caves 27999 | -4/Factory | Identified Vortex Chain Reactor 28276 | -4/Factory | Build established: Tank 28392 | -4/Factory | Discovered exit to Upper Caves (range 15) 28619 | -4/Factory | Entered Upper Caves 28910 | -4/Upper Caves | Build established: Gunner 29511 | -4/Upper Caves | Attracted the attention of an 0b10 checkpoint 29530 | -4/Upper Caves | Learned Research garrison access intel 29553 | -4/Upper Caves | Discovered new exit (range 10) 29557 | -4/Upper Caves | Encountered a Warlord checkpoint 29573 | -4/Upper Caves | Entered another Upper Caves area 29881 | -4/Upper Caves | Discovered new exit (range 5) 30066 | -4/Upper Caves | Entered Zhirov 30066 | -4/Zhirov | Discovered new exit (range 3) 30105 | -4/Zhirov | Met Zhirov 30134 | -4/Zhirov | Learned location of Quarantine (-3) 30134 | -4/Zhirov | Learned location of Command (-1) 30149 | -4/Zhirov | Zhirov requested help retrieving the SGEMP Prototype 30173 | -4/Zhirov | Found Alien Artifact 30173 | -4/Zhirov | Identified Integrated Dissipator 30173 | -4/Zhirov | Installed Integrated Dissipator, increased core heat dissipation (+20) 30196 | -4/Zhirov | Found Alien Artifact 30548 | -4/Zhirov | Entered Proximity Caves 30722 | -3/Proximity Caves | Spotter reported a threat 30775 | -3/Proximity Caves | Spotter reported a threat 30970 | -3/Proximity Caves | Discovered exit to Research (range 14) 31112 | -3/Proximity Caves | Build established: Derelict-Gunner 31264 | -3/Proximity Caves | Entered Research 31264 | -3/Research | Evolved 2 slots: Utility x2 31265 | -3/Research | Identified exit to Research 31266 | -3/Research | Loaded intel: 3 garrison access locations 31268 | -3/Research | Identified Exp. Armor Integrity Analyzer 31369 | -3/Research | Repaired Matter Neutralizer 31607 | -3/Research | Found Quantum Capacitor 31961 | -3/Research | Found Prototype Launcher 31961 | -3/Research | Identified Hellfire Missile Launcher 32097 | -3/Research | Discovered exit to Research (range 7) 32107 | -3/Research | Entered another Research area 32107 | -2/Research | Warlord forces began assault on 0b10 32107 | -2/Research | Evolved 2 slots: Propulsion x2 32179 | -2/Research | Met up with Warlord 32217 | -2/Research | Research machine network offline 32489 | -2/Research | Borebot progress halted 32502 | -2/Research | Borebot progress halted 32545 | -2/Research | Discovered new exit (range 10) 32583 | -2/Research | Spotted Executioner 32586 | -2/Research | Spotted Striker 32599 | -2/Research | Destroyed Striker 32669 | -2/Research | Found Megatreads 32719 | -2/Research | Spotted Striker 32747 | -2/Research | Took control of God Mode 32747 | -2/Research | Attacked by Warlord forces 32748 | -2/Research | Attacked by Warlord 32761 | -2/Research | Allies destroyed Warlord 32763 | -2/Research | Warlord destroyed during the assault 32854 | -2/Research | Spotted JC-KAH(K) 32862 | -2/Research | Identified exit to Access 32865 | -2/Research | Entered Access 32865 | -1/Access | Accompanied by 4 allies (God Mode) 32865 | -1/Access | Evolved 2 slots: Power x1, Weapon x1 33115 | -1/Access | First assault squad dispatched 33160 | -1/Access | Build established: Scavenger-Tank 33259 | -1/Access | Destroyed 8 combat bots 33380 | -1/Access | Incoming assault squad redirected 33525 | -1/Access | Energy Cycler disabled 33541 | -1/Access | Incoming investigation squad redirected 33609 | -1/Access | Identified Transdimensional Reconstructor 33609 | -1/Access | Warped through subspace 33632 | -1/Access | Incoming assault squad redirected 33639 | -1/Access | Lost 4 parts (2u2w) 33685 | -1/Access | Spotted B-99 Colossus 33694 | -1/Access | Befriended a Behemoth using the annoying Tinkerer's hack 33734 | -1/Access | Incoming assault squad redirected 33757 | -1/Access | Incoming assault squad redirected 33806 | -1/Access | Lost 11 parts (2p2n3u4w) 33860 | -1/Access | Spotted B-99 Colossus 33863 | -1/Access | Spotted B-99 Colossus 33865 | -1/Access | Befriended a Behemoth using the annoying Tinkerer's hack 33866 | -1/Access | Released all parts (8) 33883 | -1/Access | Core integrity fell below 50% 33885 | -1/Access | Incoming assault squad redirected 33894 | -1/Access | Incoming assault squad redirected 33894 | -1/Access | Core integrity fell below 20% 33900 | -1/Access | Destroyed by B-99 Colossus with Linear Accelerator Last Messages --------------- 33885_ ALERT: Higher priority target reported, redirecting assault. 33885_ Penetrated by Slug. 33886_ Lgt. Antimatter Reactor destroyed. 33886_ Penetrated by Slug. 33886_ Slug penetrates Reinforced Barrier. 33886_ Critical hit (Burn: +37). 33889_ Penetrated by Slug. 33889_ Slug penetrates Sealed Heavy Doors. 33890_ Acquired 41 matter. 33891_ B-99 Colossus activates siege mode. 33893_ Penetrated by Slug. 33893_ Slug penetrates Sealed Heavy Doors. 33893_ Penetrated by Slug. 33893_ Slug penetrates Sealed Heavy Doors. 33893_ Penetrated by Slug. 33894_ ALERT: Higher priority target reported, redirecting assault. 33894_ M-36 Artificer repairs B-99 Colossus. 33896_ Penetrated by Slug. 33896_ Slug penetrates Sealed Heavy Doors. 33896_ Penetrated by Slug. Map ----- +----------------------------------------------------+ | ?????????????????????????????????????????????????? | | ?????????????????????????????????????????????????? | | ?????????????????????????????????????????????????? | | ?????????????????????????????????????????????????? | | ?????????????????????????????????????????????????? | | ?????????????????????????????????????????????????? | | ?????????????????????????????????????????????????? | | ?????????????????????????????????????????????????? | | ?????????????????????????????????????????????????? | | ?????????????????????????????????????????????????? | | ?????????????????????????????????????????????????? | | ?????????????????????????????????????????????????? | | ?????????????????????????????????????????????????? | | ?????????????????????????????????????????????????? | | ???????????????H?????????????????????????????????? | | ?????????????????????????????????????????????????? | | ?????????????????????????????????????????????????? | | ?????????????????????????????????????????????????? | | ?????????????????????????????????????????????????? | | ?????????????????????????????????????????????????? | | ?????????????????????????????????????????????????? | | ?????????????????????????????????????????????????? | | ?????????????????????????????????????????????????? | | ?????????????????????????????????????????????????? | | ????????????????????????"""??????????????????????? | | ??????????????????????#""@"??????????????????????? | | ??????????????????????# "%"""""""#???????????????? | | ??????????????????????#% % #???????????????? | | ??????????????????????#% BB % #???????????????? | | ??????????????????????# gBB %#???????????????? | | ??????????????????????# gh %%#???????????????? | | ??????????????????????#m g #???????????????? | | ??????????????????????# #???????????????? | | ??????????????????????# #???????????????? | | ??????????????????????#### ####???????????????? | | ?????????????????????????# #??????????????????? | | ?????????????????????????# #??????????????????? | | ?????????????????????????# #??????????????????? | | ?????????????????????????# #??????????????????? | | ?????????????????????????# #??????????????????? | | ?????????????????????????#!* #???????????#??????? | | ?????????????????????????#! #???????????# ?????? | | ?????????????????????????#!|% #???????????# ?###+# | | ???????????############### #???????????# # | | ???????????# +???????????# # | | ???????????# % # #?# # | | ???????????# # #?# | | ???????????# # #?# # | | ???????????# ##########"################ | | ???????????# #??#"""""""""""#??#"""T"""# | +----------------------------------------------------+ Best States ------------- Heat Dissipation 139 Coolant Potential 65 Energy Generation 103 Energy Capacity 950 Matter Stores 550 Matter Capacity 550 Sight Range 22 Terrain Scan Range 16 Terrain Scan Density 10 Jamming Range 16 Cloak Strength 3 Power Amplification 40 Base Temperature (-) 200 Corruption Block 13 Armor Coverage 1825 Resistance: KI 10 Resistance: TH 30 Resistance: EM 90 Power Shielding 66 Propulsion Shielding 66 Evasion (%) 55 Melee Accuracy 8 Target Analysis 8 Core Analysis 6 Armor Integrity Analysis 50 Recoil Reduction 8 Particle Charging 30 Offensive Hacking 14 Item Schematics ----------------- Combat Drone Bay | -6/Data Miner | Free Lgt. Regenerative Plating | -6/Data Miner | Free Cld. Gravmag System | -6/Data Miner | Free Exp. Heat Sink | -6/Data Miner | Free Hvy. Proton Cannon | -6/Data Miner | Free Hvy. Siege Treads | -6/Data Miner | Free Adv. Hardlight Generator | -6/Data Miner | Free Dispersion Rifle | -6/Data Miner | Free Recoil Nullifier | -6/Data Miner | Free Hardcell Cannon | -6/Data Miner | Free Impulse Thruster Array | -6/Data Miner | Free Adv. Recalibrator | -6/Data Miner | Free Assault Drone Bay | -4/Zhirov | Free Exp. Optical Array | -4/Zhirov | Free Imp. Arc Thrower | -4/Zhirov | Free Robot Schematics ------------------ R-10 Processor | -6/Data Miner | Free Y-54 Guardian | -6/Data Miner | Free E-15 Imp | -6/Data Miner | Free Y-64 Sentinel | -6/Data Miner | Free A-27 Freighter | -6/Data Miner | Free A-15 Conveyor | -6/Data Miner | Free L-61 Swordsman | -6/Data Miner | Free Fabricated ------------ Nothing Alien Tech Used ----------------- Integrated Dissipator Transdimensional Reconstructor Achievements -------------- All-out Warlord Godhack Challenges ------------ None Game ------ Seed OmegaNodeBasin Manual? 0 Play Time 03:03:48 Cumulative 257.0 hours Start 2024.09.10 @ 19:41:01 End 2024.09.10 @ 22:45:59 Sessions 1 Manual Loads 0 Difficulty Rogue Special Mode None Game No. 216 Rogue 216 Adventurer 0 Explorer 0 Win Type - Total 1 Types 0/0/0/1/0/0/0/0/0 Lore% 70 Gallery% 76 Achievement% 57 Wizard Run 0 Options --------- Layout 2 ASCII 0 Keyboard 1 Movement Vi Keybinds 0 Fullscreen 1 Font 32/SmallcapsGlow Map View 77x44 Zoom Use 0% Tactical HUD 1 Map Filters NONE Filters NONE Steam 1 RUN: b5206617-9736-403f-bbcb-21ba9821b086